 Dungeon Crawl Stone Soup version 0.21.1-1-g345015f (webtiles) character file.

756 Krilegs the Ruffian (level 7, -5/67 HPs)
             Began as a Troll Monk on May 7, 2018.
             Was a Priest of Okawaru.
             Killed by divine providence
             ... invoked by an orc priest
              (14 damage)
             ... on level 5 of the Dungeon.
             The game lasted 00:14:49 (4710 turns).

Krilegs the Ruffian (Troll Monk)                    Turns: 4710, Time: 00:14:49

Health: -5/67      AC:  5    Str: 21 (22) XL:     7   Next: 50%
Magic:  6/6        EV:  9    Int:  5 (6)  God:    Okawaru [***...]
Gold:   192        SH:  0    Dex: 12      Spells: 6/6 levels left

rFire    . . .     SeeInvis .   (no weapon)
rCold    . . .     Gourm    +   (no shield)
rNeg     . . .     Faith    .   a - +0 robe
rPois    .         Spirit   .   (helmet restricted)
rElec    .         Reflect  .   (no cloak)
rCorr    .         Harm     .   (gloves unavailable)
MR       .....                  (boots unavailable)
Stlth    ++........             (no amulet)
HPRegen  0.61/turn              d - ring of stealth
MPRegen  0.10/turn              (no ring)

@: lethally poisoned (-5 -> -6), extremely drained
A: large, unfitting armour, claws 3, fast metabolism 3, gourmand, regeneration
1, shaggy fur 1, tough skin 2
a: Heroism, Renounce Religion


You were on level 5 of the Dungeon.
You worshipped Okawaru.
Okawaru was most pleased with you.
You were not hungry.

You visited 1 branch of the dungeon, and saw 5 of its levels.

You collected 192 gold pieces.

Inventory:

Hand Weapons
 e - the +7 rapier of Governance {vamp, rPois rC++ Dex+7, unknown}
   (You found it on level 5 of the Dungeon)

   It inflicts no extra harm, but heals its wielder when it wounds a living foe.
   It affects your dexterity (+7).
   It greatly protects you from cold.
   It protects you from poison.
Armour
 a - a +0 robe (worn)
 g - a +0 robe
Jewellery
 d - a ring of stealth (left claw)
Scrolls
 c - 2 scrolls of identify
 h - 3 scrolls of amnesia
 m - a scroll of remove curse
Books
 n - a book of Necromancy

   Spells                             Type                      Level
   a - Pain                           Necromancy                   1
   b - Animate Skeleton               Necromancy                   1
   c - Vampiric Draining              Necromancy                   3
   d - Regeneration                   Charms/Necromancy            3
   e - Animate Dead                   Necromancy                   4
   f - Borgnjor's Vile Clutch         Necromancy/Earth             5
Comestibles
 b - 5 rations


   Skills:
 + Level 3.3(0.0) Fighting
 + Level 4.1(0.0) Dodging
 - Level 1.0(0.0) Stealth
 + Level 7.3(0.0) Unarmed Combat
 + Level 0.3(0.0) Invocations


You had 6 spell levels left.
You didn't know any spells.

Dungeon Overview and Level Annotations

Branches:
Dungeon (5/15)
 Temple: D:4-7

Altars:
Cheibriados
Gozag
Nemelex Xobeh
Okawaru
Yredelemnul
The Shining One


Innate Abilities, Weirdness & Mutations

You are too large for most types of armour.
You have claws for hands.
Your metabolism is lightning-fast.
You like to eat raw meat.
Your natural rate of healing is unusually fast.
You are covered in fur. (AC +1)
You have very tough skin. (AC +2)


Message History

Eat a chunk of flesh? (ye/n/q)
You eat the chunk of flesh.
This raw flesh tastes great.
You feel sick.
Okay, then.
You start resting.
You feel sick. x4
An orc comes into view. It is wielding a whip.
An orc is nearby!
You feel sick.
You feel sick.
The orc priest shouts!
You feel sick.
You feel sick.
You feel sick.
You feel sick.
You feel sick.
You feel sick.
You feel sick.
You feel sick.
The orc priest invokes the aid of Beogh against you.
Beogh smites you!
You die...

#.....##.....# #<.........#
#.....##.....####.###.######
##.#.###..............)....#
#.#.# #.....####.###.######
#.#.# #.....# #.# #......#
#.#.# #.....# #.# #.######
#.#.############.###.#
#.................o..#
###........@.........#
####################


You could see an orc priest.

Vanquished Creatures
  Grinder (D:3)
  The ghost of Tiareth the Charmwright, an amateur DESk (D:4)
  A scorpion (D:4)
  A howler monkey (D:3)
  A bullfrog zombie (D:5)
  2 orc priests
  A bullfrog skeleton (D:4)
  A centaur skeleton (D:5)
  3 gnolls (D:2)
  4 adders
  An ooze (D:3)
  6 worms
  2 dart slugs (D:2)
  2 leopard geckos
  7 orcs
  2 giant cockroaches
  6 goblins
  7 hobgoblins
  2 jackals (D:2)
  15 kobolds
  8 bats
  2 frilled lizards (D:1)
  11 rats
87 creatures vanquished.

Notes
Turn   | Place    | Note
-------+----------+-------------------------------------------
     0 | D:1      | Krilegs the Troll Monk began the quest for the Orb.
     0 | D:1      | Reached XP level 1. HP: 22/22 MP: 0/0
   237 | D:1      | Reached XP level 2. HP: 29/29 MP: 1/1
  1269 | D:2      | Reached XP level 3. HP: 26/36 MP: 2/2
  1550 | D:2      | Reached XP level 4. HP: 44/44 MP: 3/3
  1615 | D:2      | Found a basalt altar of Yredelemnul.
  1693 | D:2      | Reached skill level 4 in Unarmed Combat
  1881 | D:2      | Found a faded altar of an unknown god.
  1881 | D:2      | Found a sparkling altar of Nemelex Xobeh.
  1889 | D:2      | Found a faded altar of an unknown god.
  1896 | D:2      | Found a snail-covered altar of Cheibriados.
  1898 | D:2      | Found an iron altar of Okawaru.
  1928 | D:2      | Became a worshipper of Warmaster Okawaru
  1928 | D:2      | Reached * piety under Okawaru
  1928 | D:2      | Reached ** piety under Okawaru
  2222 | D:3      | Noticed Grinder
  2267 | D:3      | Reached XP level 5. HP: 43/52 MP: 4/4
  2410 | D:3      | Paralysed by Grinder for 5 turns
  2426 | D:3      | Killed Grinder
  2426 | D:3      | Reached *** piety under Okawaru
  2426 | D:3      | Reached skill level 5 in Unarmed Combat
  2426 | D:3      | Reached XP level 6. HP: 31/61 MP: 5/5
  3187 | D:3      | Reached skill level 6 in Unarmed Combat
  3555 | D:4      | Noticed Tiareth's ghost (amateur DESk)
  3718 | D:4      | Found a glowing golden altar of the Shining One.
  4100 | D:4      | Found an opulent altar of Gozag.
  4154 | D:4      | HP: 3/61 [Tiareth's ghost (10)]
  4324 | D:4      | Killed Tiareth's ghost
  4324 | D:4      | Reached skill level 7 in Unarmed Combat
  4324 | D:4      | Reached XP level 7. HP: 12/67 MP: 6/6
  4500 | D:5      | Entered Level 5 of the Dungeon
  4594 | D:5      | Got an ebony rapier
  4710 | D:5      | Killed from afar by an orc priest

Skill      XL: |  1  2  3  4  5  6 |
---------------+-------------------+-----
Dodging        | 3 4 |  4.1
Unarmed Combat | 4 5 7 |  7.3
Fighting       | 3 |  3.3
Stealth        | |  1.0
Invocations    | |  0.3

Action                   |  1- 3 |  4- 6 |  7- 9 || total
-------------------------+-------+-------+-------++-------
Melee: Unarmed           |    70 |   171 |    28 ||   269
       Punch             |       |     4 |       ||     4
Invok: Heroism           |       |     2 |       ||     2
Evoke: Wand              |       |     9 |       ||     9
  Use: Scroll            |     1 |     8 |       ||     9
       Potion            |       |     8 |       ||     8
 Stab: Sleeping          |     2 |     9 |       ||    11
  Eat: Chunk             |    14 |    10 |     3 ||    27
       Ration            |     1 |     3 |       ||     4
Armor: Robe              |    29 |    38 |     9 ||    76
Dodge: Dodged            |    37 |    73 |    11 ||   121
